 Dungeon Crawl Stone Soup version 0.19-a0-998-gfd37873 (webtiles) character file.

1953 Implojin the Grappler (level 8, -3/74 HPs)
             Began as a Troll Fighter on July 17, 2016.
             Was a Follower of Okawaru.
             Killed by divine providence
             ... invoked by an orc priest
              (11 damage)
             ... on level 8 of the Dungeon.
             The game lasted 00:10:57 (1795 turns).

Implojin the Grappler (Troll Fighter)               Turns: 1795, Time: 00:10:58

Health: -3/74      AC:  8    Str: 25    XL:     8   Next: 99%
Magic:  4/6        EV: 14    Int:  4    God:    Okawaru [*.....]
Gold:   106        SH: 12    Dex: 18    Spells: 0 memorised, 7 levels left

rFire  + . .     SeeInvis +       - Unarmed
rCold  . . .     Gourm    +     q - +1 robe {rF+}
rNeg   . . .     Faith    .     b - +1 shield
rPois  .         Spirit   .     (helmet restricted)
rElec  .         Dismiss  .     (no cloak)
rCorr  .         Reflect  .     (gloves unavailable)
SustAt .         Harm     .     (boots unavailable)
MR     .....                    (no amulet)
Stlth  ++........               (no ring)
                                x - +5 ring of dexterity

@: heroism, not resistant to hostile enchantments, unstealthy
A: unfitting armour, claws 3, thin metallic scales 1, see invisible, agile 1,
fast metabolism 3, gourmand, low mp 1, regeneration 2, shaggy fur 1, tough skin
2, subdued magic 1
a: Heroism, Renounce Religion


You were on level 8 of the Dungeon.
You worshipped Okawaru.
Okawaru was aware of your devotion.
You were full.

You visited 1 branch of the dungeon, and saw 8 of its levels.

You collected 106 gold pieces.

Inventory:

Hand Weapons
 o - a +2 battleaxe
 p - a +2 long sword of holy wrath
 u - a +3 war axe
Missiles
 t - a throwing net (quivered)
Armour
 a - a +0 robe
 b - a +1 shield (worn)
 q - a +1 robe of fire resistance (worn)
 v - a +1 robe of cold resistance
Jewellery
 x - a +5 ring of dexterity (left claw)
Wands
 g - a wand of iceblast (0/15)
 j - a wand of lightning (4/15)
 m - a wand of disintegration (15/24)
Scrolls
 k - 2 scrolls of enchant armour
 r - a scroll of teleportation
 w - 2 scrolls of remove curse
Potions
 e - a potion of agility {unknown}
 f - a potion of resistance
 h - 2 potions of flight {unknown}
 l - 2 potions of curing
 s - a potion of heal wounds {unknown}
 A - a potion of degeneration {unknown}
Comestibles
 c - 3 chunks of flesh
 d - 7 bread rations
 i - 2 beef jerkies
 n - 7 slices of pizza
 z - a meat ration


   Skills:
 - Level 2.4(7.4) Fighting
 - Level 2.4(7.4) Dodging
 - Level 2.4(7.4) Shields
 * Level 11.6(16.6) Unarmed Combat


You had 7 spell levels left.
You didn't know any spells.

Dungeon Overview and Level Annotations

Branches:
Dungeon (8/15)               Lair (0/6) D:8
 Temple: D:4-7

Altars:
Elyvilon
Makhleb
Okawaru
Pakellas
Xom

Annotations:
D:4 exclusion: upstairs


Innate Abilities, Weirdness & Mutations

You are too large for most types of armour.
You have claws for hands.
Your metabolism is lightning-fast.
You like to eat raw meat.
You heal very quickly.
You are covered in fur. (AC +1)
You have very tough skin. (AC +2)
You are partially covered in thin metallic scales. (AC +2)
You have supernaturally acute eyesight. (SInv)
You are agile. (Dex +2)
Your magical capacity is low. (-10% MP)
Your spells are a little easier to cast, but a little less powerful.


Message History

You barely miss the ogre.
The ogre is severely wounded.
The ogre hits you but does no damage.
You closely miss the ogre.
The ogre is severely wounded.
You block the ogre's attack.
You claw the ogre!
You kill the ogre!
Okawaru accepts your kill.
You can now gain great but temporary skills.
You see here a giant spiked club.
Found a brown potion.
A - a brown potion An orc warrior comes into view.
It is wielding a flail.
An orc, an orc priest and an orc wizard come into view.
The orc warrior shouts!
The orc moves out of view.
The orc priest moves out of view.
An orc comes into view.
You barely miss the orc warrior.
The orc shouts!
The orc warrior barely misses you.
An adder comes into view.
The adder hisses angrily.
You scratch the orc warrior but do no damage.
The orc moves out of view.
The orc warrior hits you with a flail!
* * * LOW HITPOINT WARNING * * *
Unknown command.
A centaur comes into view.
You see here a giant spiked club.
The orc priest invokes the aid of Beogh against you.
Beogh smites you!
* * * LOW HITPOINT WARNING * * *
You see here a giant frog skeleton.
You gain the combat prowess of a mighty hero.
The orc warrior hits you with a flail!
* * * LOW HITPOINT WARNING * * *
Unknown command.
The orc priest calls down the wrath of Beogh upon you.
Beogh smites you!
You die...

..### .#.##........# #..#
.oo.# #..#.c........#######.#
#o# #.............#.......#
#.# ###.###.......#.#####.#
###o####..##........#.#####.#
#....o.#....>...#####.##....#
#.#.##.#[..####.# #.##<##.#
#.#.##S#...####.#####.##.##.#
#.#...co..(##..o@...........#
#.####.#o.)##o#.#........####
#......#.#.##รท#.#.##.##..#
########........#.##....<#
##########.#####.## #.#####.#
#.......# #########


You could see an orc warrior, a centaur (wandering) and an orc priest.

Vanquished Creatures
  A troll (D:8)
  A yak (D:7)
  A human (D:7)
  A black bear (D:8)
  An orc warrior (D:7)
  A sky beast (D:6)
  A phantom (D:4)
  3 ogres
  A giant frog (D:8)
  5 wights (D:4)
  A crimson imp (D:6)
  2 hounds
  A jelly (D:5)
  4 orc priests
  2 iguanas
  An orc wizard (D:7)
  3 worker ants
  3 sheep (D:7)
  A hound zombie (D:6)
  7 adders
  An adder skeleton (D:4)
  3 worms
  A giant gecko (D:4)
  18 orcs
  3 giant cockroaches
  3 goblins
  A hobgoblin (D:3)
  2 jackals (D:5)
  A quokka (D:5)
  A bat (D:2)
  A giant gecko skeleton (D:4)
  2 rats (D:2)
78 creatures vanquished.

Notes
Turn   | Place    | Note
-------+----------+-------------------------------------------
     0 | D:1      | Implojin the Troll Fighter began the quest for the Orb.
     0 | D:1      | Reached XP level 1. HP: 22/22 MP: 0/0
    16 | D:1      | Noticed a merfolk zombie
   124 | D:2      | Reached skill level 3 in Unarmed Combat
   124 | D:2      | Reached XP level 2. HP: 29/29 MP: 1/1
   157 | D:2      | Reached XP level 3. HP: 27/36 MP: 2/2
   295 | D:5      | Entered Level 5 of the Dungeon
   298 | D:5      | Noticed an ogre
   303 | D:5      | Killed an ogre
   303 | D:5      | Reached skill level 5 in Unarmed Combat
   303 | D:5      | Reached XP level 4. HP: 44/44 MP: 3/3
   424 | D:7      | Reached XP level 5. HP: 24/50 MP: 4/4
   431 | D:7      | Gained mutation: You are agile. (Dex +2) [potion of beneficial mutation]
   439 | D:7      | Gained mutation: You are partially covered in thin metallic scales. (AC +2) [potion of mutation]
   439 | D:7      | Gained mutation: Your spells are a little easier to cast, but a little less powerful. [potion of mutation]
   439 | D:7      | Gained mutation: Your magical capacity is low. (-10% MP) [potion of mutation]
   471 | D:7      | Reached skill level 6 in Unarmed Combat
   562 | D:7      | Noticed an orc warrior
   674 | D:6      | Noticed a sky beast
   701 | D:6      | Killed a sky beast
   701 | D:6      | Reached XP level 6. HP: 34/59 MP: 4/4
   741 | D:6      | Reached skill level 7 in Unarmed Combat
   800 | D:7      | Noticed a yak
   800 | D:7      | Noticed a human
   820 | D:7      | Gained mutation: You have supernaturally acute eyesight. (SInv) [potion of beneficial mutation]
   826 | D:7      | Killed a human
   826 | D:7      | Reached skill level 8 in Unarmed Combat
   826 | D:7      | Reached XP level 7. HP: 57/66 MP: 5/5
   835 | D:7      | Killed a yak
   899 | D:7      | Reached skill level 9 in Unarmed Combat
  1022 | D:4      | Reached XP level 8. HP: 74/74 MP: 6/6
  1042 | D:4      | Reached skill level 10 in Unarmed Combat
  1312 | D:4      | Found a shimmering altar of Xom.
  1317 | D:4      | Found an oddly glowing altar of Pakellas.
  1318 | D:4      | Found a burning altar of Makhleb.
  1330 | D:4      | Found an iron altar of Okawaru.
  1345 | D:4      | Became a worshipper of Warmaster Okawaru
  1360 | D:4      | Found a white marble altar of Elyvilon.
  1607 | D:8      | Reached skill level 11 in Unarmed Combat
  1615 | D:8      | Found a staircase to the Lair.
  1692 | D:8      | Noticed a troll
  1715 | D:8      | Killed a troll
  1753 | D:8      | Reached * piety under Okawaru
  1795 | D:8      | Killed from afar by an orc priest

Vault maps used:
D:1:      shiori_arrival_whats_in_store_for_you, nrook_mini_vaults,
          minmay_misc_feat_rows, serial_bayou_lake_a
D:2:      nicolae_overflow_hidden_temple
D:4:      minmay_overflow_temple_star_hex, first_bread,
          kennysheep_generic_room_7
D:5:      johnstein_pakellas_dig
D:7:      zin_statuary, grunt_livestock, minmay_fountain_box
D:8:      lair_0_dummy, special_room, okawaru_gym_becter, uniq_psyche

Skill      XL: |  1  2  3  4  5  6  7  8 |
---------------+-------------------------+-----
Unarmed Combat | 3 5 6 8 9 11 | 11.6
Fighting       | |  2.4
Dodging        | |  2.4
Shields        | |  2.4

Action                   |  1- 3 |  4- 6 |  7- 9 || total
-------------------------+-------+-------+-------++-------
Melee: Unarmed           |    36 |    66 |   139 ||   241
Throw: Throwing net      |       |       |     1 ||     1
Invok: Heroism           |       |       |     1 ||     1
Evoke: Wand              |       |       |     3 ||     3
  Use: Scroll            |       |     8 |     3 ||    11
       Potion            |       |     8 |       ||     8
 Stab: Sleeping          |     1 |       |     1 ||     2
  Eat: Chunk             |     5 |     5 |     9 ||    19
Armor: Robe              |    23 |    26 |    38 ||    87
Dodge: Dodged            |    22 |    11 |    35 ||    68
Block: Shield            |    24 |    24 |    57 ||   105

Table legend:
 A = Turns spent in this place as a percentage of turns spent in the entire game.
 B = Non-inter-level travel turns spent in this place as a percentage of non-inter-level travel turns spent in the entire game.
 C = Inter-level travel turns spent in this place as a percentage of turns spent in this place.
 D = Turns resting spent in this place as a percentage of non-inter-level travel turns spent in this place.
 E = Turns spent auto-exploring this place as a percentage of non-inter-level travel turns spent in this place.
 F = Non-inter-level travel turns spent in this place divided by the number of levels of this place that you've seen.
                   A       B       C       D       E      F
               +-------+-------+-------+-------+-------+----------------------
         Total | 100.0 | 100.0 |   0.0 |   0.0 |   0.0 | 218.2
       Dungeon | 100.0 | 100.0 |   0.0 |   0.0 |   0.0 | 218.2
               +-------+-------+-------+-------+-------+----------------------

Table legend:
 A = Kills in this place as a percentage of kills in entire the game.
 B = Kills by you in this place as a percentage of kills by you in the entire game.
 C = Kills by friends in this place as a percentage of kills by friends in the entire game.
 D = Other kills in this place as a percentage of other kills in the entire game.
 E = Experience gained in this place as a percentage of experience gained in the entire game.
 F = Experience gained in this place divided by the number of levels of this place that you have seen.
                   A       B       C       D       E      F
               +-------+-------+-------+-------+-------+----------------------
         Total | 100.0 | 100.0 |  -nan |  -nan | 100.0 | 348.9
       Dungeon | 100.0 | 100.0 |  -nan |  -nan | 100.0 | 348.9
               +-------+-------+-------+-------+-------+----------------------
